 Dungeon Crawl Stone Soup version 0.17.0-56-gd8de76c (webtiles) character file.

3874 Rex the Cleaver (level 10, -3/90 HPs)
             Began as a Minotaur Fighter on Dec 5, 2015.
             Slain by a sixfirhy (8 damage)
             ... summoned by a kobold demonologist
             ... on level 7 of the Dungeon.
             The game lasted 00:23:12 (8433 turns).

Rex the Cleaver (Minotaur Fighter)                  Turns: 8433, Time: 00:23:12

Health: -3/90      AC: 11    Str: 24    XL:     10   Next: 0%
Magic:  9/9        EV: 11    Int:  5    God:
Gold:   640        SH: 12    Dex: 13    Spells: 0 memorised, 9 levels left

rFire  . . .     SeeInvis +     a - +1 war axe
rCold  + . .     Clarity  .     z - +1 scale mail "Cuill" {Dex+3 SInv}
rNeg   + . .     SustAt   +     c - +0 shield
rPois  .         Gourm    .     (helmet restricted)
rElec  .         Spirit   .     (no cloak)
rCorr  .         Warding  +     (no gloves)
rMut   .         Stasis   .     h - +1 pair of boots
MR     .....                    d - amulet of warding
Stlth  ..........               C - ring of sustain attributes
                                f - ring of protection from cold

@: lethally poisoned (-3 -> -4), not resistant to hostile enchantments,
extremely unstealthy
A: retaliatory headbutt, horns 2
a: no special abilities


You were on level 7 of the Dungeon.
You were hungry.

You visited 2 branches of the dungeon, and saw 8 of its levels.
You also visited: Sewer and Ossuary.

You collected 640 gold pieces.

Inventory:

Hand Weapons
 a - a +1 war axe (weapon)
 s - a cursed -3 mace
Armour
 b - a +1 scale mail
 c - a +0 shield (worn)
 h - a +1 pair of boots (worn)
 z - the +1 scale mail "Cuill" (worn) {Dex+3 SInv}
   (You acquired it on level 7 of the Dungeon)

   It affects your dexterity (+3).
   It lets you see invisible.
 A - a +0 plate armour
Jewellery
 d - an amulet of warding (around neck)
 f - a ring of protection from cold (left hand)
 j - an uncursed ring of protection from cold
 C - a ring of sustain attributes (right hand)
 D - a +4 ring of intelligence {unknown}
Wands
 n - a wand of slowing (4)
 q - a wand of polymorph (6)
 y - a wand of draining (8)
Scrolls
 e - a scroll of recharging
 g - 2 scrolls of blinking
 i - 3 scrolls of remove curse
 o - 4 scrolls of identify
 r - 3 scrolls of amnesia
 v - 2 scrolls of fear
 x - a scroll of magic mapping
Potions
 k - a potion of resistance
 l - a potion of cancellation
 p - 2 potions of curing
 t - a potion of brilliance
 w - a potion of magic
 B - a potion of berserk rage
Comestibles
 m - 3 meat rations
 u - 2 bread rations
 E - 2 slices of pizza


   Skills:
 + Level 8.4 Fighting
 + Level 9.7 Axes
 + Level 7.8 Armour
 + Level 5.3 Dodging
 + Level 0.6 Stealth
 + Level 8.8 Shields


You had 9 spell levels left.
You didn't know any spells.

Dungeon Overview and Level Annotations

Branches:
Dungeon (7/15)             Temple (1/1) D:4

Altars:
Cheibriados
Dithmenos
Gozag
Kikubaaqudgha
Makhleb
Nemelex Xobeh
Qazlal
Ru
Sif Muna
Vehumet

Shops:
D:4 ?


Innate Abilities, Weirdness & Mutations

You reflexively headbutt those who attack you in melee.
You have a pair of horns on your head.


Message History

Unknown command.
Unknown command.
You are too injured to fight recklessly!
Unknown command.
You are too injured to fight recklessly!
Unknown command.
You are too injured to fight recklessly!
Unknown command.
You are too injured to fight recklessly!
You miss the kobold demonologist.
Your headbutt misses the kobold demonologist.
The kobold demonologist is heavily wounded.
You miss the sixfirhy.
The sixfirhy is heavily wounded.
You are covered in liquid flames!
* * * LOW HITPOINT WARNING * * *
You block the sixfirhy's attack. The sixfirhy hits you!
* * * LOW HITPOINT WARNING * * *
The sixfirhy shocks you!
You die...

### ## #.## .## # ##.##
# #.##. ##.# # #...
#.#### ####..#####
#.....
##.........######.####
.##.............##..####
......†@................
.......4K.......>.......
....5...................
........................
.##.....................
#......................
#......................
♣♣.....................
............


You could see a kobold demonologist, a sixfirhy and a crimson imp.

Vanquished Creatures
  Pikel (D:7)
  Joseph (D:7)
  A troll (D:7)
  Eustachio (D:4)
  Menkaure (D:6)
  Duvessa (D:4)
  An ice beast (D:6)
  A necrophage (D:6)
  3 ogres
  2 sky beasts (D:5)
  2 slaves (D:7)
  A centaur (D:6)
  3 giant frogs
  Blork the orc (D:6)
  3 big kobolds (Sewer)
  Dowan (D:4)
  2 scorpions
  The ghost of subsebi the Skirmisher, a weakling DsCK of Xom (D:3)
  2 electric eels (D:7)
  2 centaur zombies
  2 crimson imps
  A giant frog zombie (D:6)
  2 hounds
  A jelly (D:6)
  2 human zombies (Ossuary)
  3 worker ants
  Crazy Yiuf (D:4)
  3 orc priests (D:6)
  An iguana (D:4)
  Natasha (thrice) (D:2)
  2 orc wizards (D:6)
  2 big kobold zombies (Ossuary)
  A hound zombie (D:6)
  2 mummies (Ossuary)
  Robin (D:2)
  3 gnolls (D:4)
  2 worker ant zombies (D:6)
  9 adders
  3 shadow imps
  3 oozes
  An adder skeleton (D:4)
  4 worms
  14 giant geckos
  17 orcs
  2 ball pythons
  8 bats
  10 giant cockroaches
  2 gnoll zombies (Ossuary)
  13 goblins
  14 hobgoblins
  5 jackals
  13 kobolds
  A ball python zombie (D:3)
  5 giant newts
  3 goblin zombies (Ossuary)
  3 hobgoblin zombies (Ossuary)
  An orc zombie (Ossuary)
  3 quokkas
  13 rats
  3 fungi (D:4)
213 creatures vanquished.

Vanquished Creatures (others)
  A plant (D:7)
1 creature vanquished.

Grand Total: 214 creatures vanquished

Notes
Turn   | Place    | Note
--------------------------------------------------------------
     0 | D:1      | Rex the Minotaur Fighter began the quest for the Orb.
     0 | D:1      | Reached XP level 1. HP: 19/19 MP: 0/0
   224 | D:1      | Reached skill level 4 in Shields
   224 | D:1      | Reached XP level 2. HP: 22/27 MP: 1/1
   622 | D:1      | Reached XP level 3. HP: 33/33 MP: 2/2
   963 | D:2      | Noticed Natasha
   969 | D:2      | Killed Natasha
  1330 | D:2      | Reached XP level 4. HP: 36/41 MP: 3/3
  1473 | D:2      | Noticed Natasha
  1478 | D:2      | Killed Natasha
  1481 | D:2      | Noticed Natasha
  1492 | D:2      | Killed Natasha
  1709 | D:2      | Found a deep blue altar of Sif Muna.
  1733 | D:2      | Noticed Robin
  1739 | D:2      | Killed Robin
  1748 | D:2      | Reached XP level 5. HP: 43/47 MP: 4/4
  2160 | D:3      | Reached skill level 5 in Shields
  2188 | D:3      | Noticed subsebi's ghost (weakling DsCK)
  2208 | D:3      | Killed subsebi's ghost
  2208 | D:3      | Reached skill level 5 in Fighting
  2208 | D:3      | Reached skill level 1 in Dodging
  2798 | D:4      | Found Afupp's Magic Scroll Boutique.
  2841 | D:4      | Reached XP level 6. HP: 46/56 MP: 5/5
  2888 | D:4      | Reached skill level 5 in Armour
  3111 | D:4      | Found a glowing drain.
  3127 | Sewer    | Entered a sewer
  3588 | Sewer    | Reached XP level 7. HP: 46/61 MP: 6/6
  3603 | Sewer    | Reached skill level 6 in Shields
  4264 | D:4      | Noticed Eustachio
  4289 | D:4      | Killed Eustachio
  4303 | D:4      | Noticed Duvessa
  4304 | D:4      | Noticed Dowan
  4312 | D:4      | Killed Duvessa
  4312 | D:4      | Reached skill level 7 in Shields
  4317 | D:4      | Killed Dowan
  4317 | D:4      | Reached skill level 5 in Axes
  4336 | D:4      | Got a pitted brass ring
  4338 | D:4      | Identified the ring "Wungun" {Str-5 Int+5 Dex+3 Stlth-} (You found it on level 4 of the Dungeon)
  4366 | D:4      | Found an ancient bone altar of Kikubaaqudgha.
  4429 | D:4      | Found a staircase to the Ecumenical Temple.
  4438 | Temple   | Entered the Ecumenical Temple
  4969 | D:4      | Noticed Crazy Yiuf
  4973 | D:4      | Killed Crazy Yiuf
  4973 | D:4      | Reached XP level 8. HP: 68/70 MP: 7/7
  5028 | D:5      | Entered Level 5 of the Dungeon
  5103 | D:5      | Found a sand-covered staircase.
  5108 | Ossuary  | Entered an ossuary
  5958 | D:6      | Reached skill level 5 in Dodging
  6127 | D:6      | Noticed Blork the orc
  6137 | D:6      | Killed Blork the orc
  6195 | D:6      | Reached XP level 9. HP: 41/79 MP: 8/8
  6606 | D:6      | Reached skill level 8 in Shields
  6647 | D:6      | Noticed Menkaure
  6703 | D:7      | Noticed Pikel
  6711 | D:6      | Killed Menkaure
  7739 | D:7      | Reached skill level 9 in Axes
  7944 | D:7      | Noticed Joseph
  7955 | D:7      | Killed Pikel
  7971 | D:7      | Killed Joseph
  8305 | D:7      | Identified a scroll of acquirement
  8308 | D:7      | Got a brightly glowing scale mail
  8319 | D:7      | Identified the +1 scale mail "Cuill" {Dex+3 SInv} (You acquired it on level 7 of the Dungeon)
  8415 | D:7      | Noticed a kobold demonologist
  8423 | D:7      | Noticed a smoke demon
  8424 | D:7      | Noticed a sixfirhy
  8425 | D:7      | Reached XP level 10. HP: 73/90 MP: 9/9
  8433 | D:7      | Slain by a sixfirhy

Action                   |  1- 3 |  4- 6 |  7- 9 | 10-12 || total
-------------------------+-------+-------+-------+-------++-------
Melee: War axe           |    73 |   279 |   329 |     8 ||   689
  Use: Potion            |     2 |     4 |     6 |       ||    12
       Scroll            |     5 |     3 |     6 |       ||    14
  Eat: Beef jerky        |     1 |       |     1 |       ||     2
       Chunk             |       |     9 |     6 |       ||    15
       Pizza             |       |       |     2 |       ||     2
       Bread ration      |       |       |     1 |       ||     1
